 Dungeon Crawl Stone Soup version 0.29.0-7-g18a832c13a (webtiles) character file.

Game seed: 2422242921736076670

693 snarfax the Ruffian (level 7, -13/68 HPs)
             Began as a Troll Fighter on Aug 30, 2022.
             Was a Follower of the Shining One.
             Mangled by an orc warrior
             ... wielding a +0 trident
              (15 damage)
             ... on level 5 of the Dungeon.
             The game lasted 00:05:34 (3574 turns).

snarfax the Ruffian (Troll Fighter)                 Turns: 3574, Time: 00:05:35

Health: -13/68     AC:  4    Str: 25    XL:     7   Next: 37%
Magic:  6/6        EV:  9    Int:  6    God:    the Shining One [*.....]
Gold:   142        SH: 13    Dex:  9    Spells: 6/6 levels left

rFire   . . .      SeeInvis .     - Unarmed
rCold   . . .      Faith    .   b - +0 kite shield
rNeg    . . .      Spirit   .   a - +0 robe
rPois   .          Reflect  +   (helmet restricted)
rElec   .          Harm     .   (no cloak)
rCorr   .          Rampage  .   (gloves unavailable)
Will    +....                   (boots unavailable)
Stlth   +.........              j - amulet of reflection
HPRegen 1.01/turn               k - ring of willpower
MPRegen 0.10/turn               (no ring)

@: mighty, glowing, studying Stealth
A: large, unfitting armour, claws 3, regeneration 1, shaggy fur 1, tough skin 1
a: Renounce Religion, Divine Shield


You were on level 5 of the Dungeon.
You worshipped the Shining One.
The Shining One was aware of your devotion.
You visited 1 branch of the dungeon, and saw 5 of its levels.

You collected 170 gold pieces.
You spent 28 gold pieces at shops.

Inventory:

Missiles
 o - 10 poisoned darts (quivered)
 v - 6 javelins
Armour
 a - a +0 robe (worn)
 b - a +0 kite shield (worn)
Jewellery
 j - an amulet of reflection (around neck)
 k - a ring of willpower (left claw)
 m - a ring of wizardry
 p - a +6 ring of dexterity
 y - a ring of protection from fire
Scrolls
 e - 3 scrolls of teleportation
 l - 3 scrolls of blinking {unknown}
 n - a scroll of noise {unknown}
 q - 3 scrolls of identify
 s - a scroll of poison {unknown}
 t - a scroll of enchant armour {unknown}
 u - a scroll of fear {unknown}
 w - a scroll of enchant weapon {unknown}
 x - a scroll of amnesia {unknown}
 z - 2 scrolls of butterflies {unknown}
Potions
 d - a potion of resistance {unknown}
 f - a potion of degeneration {unknown}
 g - 4 potions of attraction {unknown}
 h - a potion of curing
 i - a potion of flight {unknown}
 r - a potion of ambrosia {unknown}
 A - a potion of lignification {unknown}


   Skills:
 + Level 3.8 Fighting
 + Level 3.8 Dodging
 + Level 4.2 Shields
 * Level 5.4 Unarmed Combat


You had 6 spell levels left.
You didn't know any spells.
Your spell library contained the following spells:

 Spells                   Type           Power      Damage    Failure   Level
 Apportation              Tloc           0%         N/A       75%         1
 Conjure Flame            Conj/Fire      0%         6-21      98%         3
 Gell's Gravitas          Tloc           0%         N/A       98%         3
 Ignite Poison            Fire/Tmut/Pois 0%         N/A       98%         3
 Portal Projectile        Hex/Tloc       0%         N/A       98%         3
 Swiftness                Air            0%         N/A       98%         3
 Tukima's Dance           Hex            0%         N/A       98%         3
 Passage of Golubria      Tloc           0%         N/A       100%        4
 Sticky Flame             Conj/Fire      0%         2d3       100%        4
 Summon Lightning Spire   Summ/Air       0%         N/A       100%        4
 Blade Hands              Tmut           0%         N/A       100%        5


Dungeon Overview and Level Annotations

Branches:
Dungeon (5/15)
 Temple: D:4-7

Altars:
Ashenzari
Fedhas
Okawaru
Vehumet
Wu Jian
Yredelemnul
The Shining One

Shops:
D:1 *


Innate Abilities, Weirdness & Mutations

You are too large for most types of armour.
You have claws for hands.
Your natural rate of healing is unusually fast.
You are covered in fur. (AC +1)
You have tough skin. (AC +1)


Message History

You are too injured to fight recklessly!
You are too injured to fight recklessly!
The orc hits you with a +0 hand axe.
An orc priest comes into view. It is wielding a +0 club.
The orc warrior hits you from afar with a +0 trident.
Things that are here:
a +0 club; 6 stones; an orc corpse You mangle the orc priest!!
You kill the orc priest!
The Shining One accepts your kill. You block the orc priest's attack.
The orc hits you with a +0 hand axe.
* * * LOW HITPOINT WARNING * * *
The orc warrior barely misses you.
You barely miss the orc priest. The orc priest hits you with a +0 whip!
* * * LOW HITPOINT WARNING * * *
You block the orc's attack. The orc wizard closely misses you.
The orc warrior misses you.
You barely miss the orc priest.
The orc priest mumbles some strange prayers to Beogh against you.
You resist with some effort. The orc hits you with a +0 hand axe.
* * * LOW HITPOINT WARNING * * *
The orc wizard barely misses you. The orc warrior barely misses you.
You claw the orc priest!
The orc priest is severely wounded.
The orc priest hits you with a +0 whip.
* * * LOW HITPOINT WARNING * * *
You block the orc's attack. You block the orc wizard's attack.
The orc warrior closely misses you.
You barely miss the orc priest.
The orc priest is severely wounded.
You block the orc priest's attack. You block the orc's attack.
The orc warrior hits you from afar with a +0 trident!
* * * LOW HITPOINT WARNING * * *
The orc wizard gestures at you while chanting.
The puff of flame misses you.
You feel very mighty all of a sudden. You block the orc priest's attack.
You block the orc's attack. The orc wizard barely misses you.
The orc warrior hits you from afar with a +0 trident!
You die...

# .. ... .... #########
..... #........
......##########....>...
....>oo@................
.....o#oo...†###........
##### #####..# #........
#..######.####
#..##~.##.# #..#.~.b#.#
#..##~~##.# #..### ##.#
#..#


You could see an orc warrior, 2 orc priests, an orc wizard (invisible) and an
orc.

Vanquished Creatures
  A black bear (D:5)
  2 ogres
  A scorpion (D:5)
  A hound (D:3)
  A gnoll bouda (D:5)
  An orc priest (D:5)
  An orc wizard (D:4)
  An iguana (D:5)
  8 adders
  7 gnolls
  An ufetubus (D:5)
  A worm (D:2)
  2 dart slugs
  7 orcs
  4 endoplasms
  9 goblins
  8 hobgoblins
  7 jackals (D:4)
  3 quokkas
  9 ball pythons
  2 frilled lizards
  7 kobolds
  2 rats
86 creatures vanquished.

Vanquished Creatures (others)
  A jelly (D:5)
  A jackal (D:4)
  8 fungi (D:5)
10 creatures vanquished.

Grand Total: 96 creatures vanquished

Notes
Turn   | Place    | Note
-------+----------+-------------------------------------------
     0 | D:1      | snarfax the Troll Fighter began the quest for the Orb.
     0 | D:1      | Reached XP level 1. HP: 22/22 MP: 0/0
   112 | D:1      | Got the Compilation of Turbulent Peregrination
   168 | D:1      | Reached XP level 2. HP: 29/29 MP: 1/1
   514 | D:1      | Found Zeziliosm's Assorted Antiques.
   524 | D:1      | Bought a scroll labelled JONEAM KIFI for 28 gold pieces
   848 | D:1      | Found a faded altar of an unknown god.
  1079 | D:2      | Reached XP level 3. HP: 36/36 MP: 2/2
  1429 | D:2      | Reached skill level 3 in Unarmed Combat
  1914 | D:3      | Reached XP level 4. HP: 44/44 MP: 3/3
  2174 | D:3      | Found an iron altar of Okawaru.
  2207 | D:3      | Reached XP level 5. HP: 52/53 MP: 4/4
  2235 | D:3      | Found a glowing golden altar of the Shining One.
  2237 | D:3      | Found a radiant altar of Vehumet.
  2237 | D:3      | Found a basalt altar of Yredelemnul.
  2240 | D:3      | Found an ornate altar of the Wu Jian Council.
  2241 | D:3      | Found a broken altar of Ashenzari.
  2249 | D:3      | Became a worshipper of the Shining One
  2664 | D:4      | Noticed an ogre
  2678 | D:3      | Killed an ogre
  2679 | D:3      | Reached skill level 4 in Unarmed Combat
  2702 | D:4      | Reached XP level 6. HP: 39/61 MP: 5/5
  3086 | D:4      | Found a blossoming altar of Fedhas.
  3320 | D:5      | Entered Level 5 of the Dungeon
  3483 | D:5      | Reached skill level 5 in Unarmed Combat
  3488 | D:5      | Reached XP level 7. HP: 57/67 MP: 6/6
  3507 | D:5      | Reached * piety under the Shining One
  3573 | D:5      | HP: 1/68 [orc warrior/+0 trident (8)]
  3574 | D:5      | Mangled by an orc warrior

Illustrated notes

Levels and vault maps discovered:
D:1:      dpeg_arrival_arbitrary_b, layout_basic,
          shapermc_ecumenical_altar_mp_vishouse, serial_shops,
          nicolae_shop_hallway_stairs
D:2:      layout_loops_ring, kennysheep_small_spiral, minmay_misc_feat_rugged
D:3:      layout_loops_ring, grunt_temple_overflow_open,
          minmay_misc_feat_more_columns, nicolae_eternal_life
D:4:      layout_loops_ring, mainiacjoe_overflow_concentric_impassable
D:5:      layout_basic, makhleb_altar_promises_db, serial_shops,
          nicolae_shop_overgrown_old_shop, serial_aquarium,
          aquarium_bridge_square [aquarium_subvault_wall,
          aquarium_subvault_bridge, aquarium_subvault_bridge,
          aquarium_subvault_bridge], aquarium_window_2, aquarium_window_fake,
          aquarium_view_2d, aquarium_balcony_3b, aquarium_pool_split,
          lemuel_flamethrower_2

Skill      XL: |  1  2  3  4  5  6 |
---------------+-------------------+-----
Shields        | 3 4 |  4.2
Unarmed Combat | 3 4 5 |  5.4
Fighting       | 3 |  3.8
Dodging        | 3 |  3.8

Action                   |  1- 3 |  4- 6 |  7- 9 || total
-------------------------+-------+-------+-------++-------
Melee: Unarmed           |    93 |   135 |    31 ||   259
Throw: Dart              |       |     3 |       ||     3
  Use: Scroll            |     2 |       |       ||     2
       Potion            |       |       |     1 ||     1
 Stab: Sleeping          |     1 |       |       ||     1
       Distracted        |       |     1 |       ||     1
Armor: Robe              |    19 |    19 |     2 ||    40
Dodge: Dodged            |    15 |    47 |    14 ||    76
Block: Kite shield       |    41 |    65 |    37 ||   143
       Reflection        |     1 |     5 |     2 ||     8
